 Dungeon Crawl Stone Soup version 0.30.1-9-gdf580d7c3d (webtiles) character file.

Game seed: 8612134769922659322

878 monsoonserge the Carver (level 8, -8/60 HPs)
             Began as a Merfolk Gladiator on Oct 4, 2023.
             Mangled by an ogre
             ... wielding a +0 giant club
              (26 damage)
             ... on level 5 of the Dungeon.
             The game lasted 00:10:16 (3515 turns).

monsoonserge the Carver (Merfolk Gladiator)         Turns: 3515, Time: 00:10:17

Health: -8/60      AC:  7    Str: 15    XL:     8   Next: 4%
Magic:  8/8        EV: 14    Int:  7    God:
Gold:   281        SH:  0    Dex: 23    Spells: 7/7 levels left

rFire   . . .        l - +0 long sword (vamp)
rCold   . . .        (no shield)
rNeg    . . .        i - +0 ring mail
rPois   .            c - +0 helmet
rElec   .            (no cloak)
rCorr   +            x - +0 pair of gloves
SInv    .            (no boots)
Will    .....        (no amulet)
Stlth   ++           n - +6 ring of dexterity
HPRegen 0.30/turn    z - ring of resist corrosion
MPRegen 0.11/turn

%: no passive effects
@: no status effects
A: (nimble swimmer 2), mertail
a: no special abilities


You were on level 5 of the Dungeon.
You visited 1 branch of the dungeon, and saw 5 of its levels.

You collected 281 gold pieces.

Inventory:

Hand Weapons
 h - a +0 short sword
 l - a +0 vampiric long sword (weapon)
 p - a +1 dagger of electrocution
 y - a +2 dagger of protection
Missiles
 a - 2 poisoned darts
 d - 5 throwing nets
 e - a javelin
 v - 4 silver javelins (quivered)
Armour
 b - a +0 leather armour
 c - a +0 helmet (worn)
 i - a +0 ring mail (worn)
 x - a +0 pair of gloves (worn)
Jewellery
 n - a +6 ring of dexterity (left hand)
 z - a ring of resist corrosion (right hand)
Wands
 t - a wand of paralysis (7)
Scrolls
 f - 4 scrolls of identify {unknown}
 k - 3 scrolls of vulnerability {unknown}
 q - 2 scrolls of amnesia {unknown}
 w - a scroll of teleportation {unknown}
 A - a scroll of fear {unknown}
Potions
 g - a potion of attraction {unknown}
 j - 4 potions of berserk rage {unknown}
 m - 2 potions of degeneration {unknown}
 o - 2 potions of haste {unknown}
 r - 3 potions of heal wounds {unknown}
 s - a potion of lignification {unknown}
 u - a potion of flight {unknown}


   Skills:
 + Level 4.3 Fighting
 + Level 8.1 Long Blades
 + Level 2.1 Throwing
 + Level 2.6 Armour
 + Level 5.7 Dodging
 + Level 1.8 Stealth


You had 7 spell levels left.
You didn't know any spells.
Your spell library contained the following spells:

 Spells                   Type           Power      Damage    Failure   Level
 Ensorcelled Hibernation  Hex/Ice        0%         N/A       80%         2
 Passwall                 Tmut/Erth      0%         N/A       80%         2
 Swiftness                Air            0%         N/A       95%         3
 Conjure Ball Lightning   Conj/Air       0%         3x3d6     100%        6
 Discord                  Hex            0%         N/A       100%        8
 Disjunction              Tloc           0%         N/A       100%        8


Dungeon Overview and Level Annotations

Branches:
Dungeon (5/15)
 Temple: D:4-7

Altars:
Hepliaklqana
Makhleb
Uskayaw
Xom

Shops:
D:1 :


Innate Abilities, Weirdness & Mutations

((You are very nimble when in or above water. (Stealth+, EV+, Speed+++)))
Your lower body shifts to a powerful aquatic tail in water.


Message History

You barely miss the gnoll. The gnoll hits you with a +0 spear.
You hit the gnoll but do no damage. The gnoll closely misses you.
You hit the gnoll but do no damage. You punch the gnoll.
The gnoll is lightly wounded.
The gnoll misses you.
You closely miss the gnoll.
The gnoll is lightly wounded.
The gnoll hits you but does no damage.
You hit the gnoll.
You feel better.
The gnoll is moderately wounded.
The gnoll hits you with a +0 spear.
You slash the gnoll!
You feel better.
The gnoll is almost dead.
The gnoll hits you with a +0 spear.
You barely miss the gnoll.
The gnoll is almost dead.
The gnoll hits you with a +0 spear.
You slash the gnoll!
You feel better.
You kill the gnoll!
You see here a +0 spear.
You now have 262 gold pieces (gained 18).
There are no items here.
You now have 281 gold pieces (gained 19).
There are no items here.
d - 5 throwing nets (gained 1);
A - a scroll labelled VEACHE HUOMIS
There are no items here.
Found a burning altar of Makhleb.
An ogre comes into view. It is wielding a +0 giant club.
The ogre shouts!
The ogre shouts!
The ogre attacks as you move away! The ogre completely misses you.
You barely miss the ogre. You hit the ogre.
The ogre is lightly wounded.
The ogre hits you with a +0 giant club!!
The ogre hits you with a +0 giant club!
* * * LOW HITPOINT WARNING * * *
The ogre attacks as you move away!
The ogre hits you with a +0 giant club!!
You die...

#.########.#
..# #.######
.## #......#
.#####
#######.##
...>..
.........#
.###.#
###.####.# .#
##.....##.#
##
#.......#.# #
#.#.......#@#
.
#....._...OO#
##
.#.......#.#
# #.......#.#
# ##.....##.#
# ###.####.#
.... ..#
....# ###
#####


You could see 2 ogres.

Vanquished Creatures
  A black bear (D:4)
  3 ogres
  A phantom (D:5)
  A kobold brigand (D:4)
  A hound (D:5)
  An orc priest (D:4)
  A gnoll bouda (D:4)
  2 iguanas (D:4)
  Jessica (D:2)
  An orc wizard (D:5)
  7 gnolls
  2 adders (D:3)
  An ufetubus (D:4)
  3 worms
  2 dart slugs (D:4)
  8 orcs
  11 endoplasms
  A giant cockroach (D:1)
  10 goblins
  4 hobgoblins
  3 jackals (D:2)
  4 quokkas
  10 ball pythons
  3 bats
  4 frilled lizards
  11 kobolds
  9 rats
106 creatures vanquished.

Notes
Turn   | Place    | Note
-------+----------+-------------------------------------------
     0 | D:1      | monsoonserge the Merfolk Gladiator began the quest for the
                  | Orb.
     0 | D:1      | Reached XP level 1. HP: 16/16 MP: 1/1
   134 | D:1      | Reached XP level 2. HP: 19/22 MP: 2/2
   156 | D:1      | Reached skill level 4 in Long Blades
   391 | D:1      | Found Teuwil's Book Shoppe.
   459 | D:1      | Reached XP level 3. HP: 27/27 MP: 3/3
   969 | D:2      | Found a faded altar of an unknown god.
  1004 | D:2      | Noticed Jessica
  1014 | D:2      | Killed Jessica
  1015 | D:2      | Reached XP level 4. HP: 22/34 MP: 4/4
  1160 | D:2      | Reached skill level 1 in Armour
  1564 | D:3      | Reached skill level 5 in Long Blades
  1616 | D:3      | Found a hide-covered altar of Uskayaw.
  1734 | D:3      | Identified the +10 hand axe "Xufob" {freeze, Fly rC- Dex+3}
  1883 | D:3      | Found a hazy altar of Hepliaklqana.
  1952 | D:3      | Found a shimmering altar of Xom.
  2155 | D:4      | Reached XP level 5. HP: 40/40 MP: 5/5
  2279 | D:4      | Reached skill level 5 in Dodging
  2430 | D:4      | Noticed a black bear
  2440 | D:4      | Killed a black bear
  2441 | D:4      | Reached skill level 6 in Long Blades
  2441 | D:4      | Reached skill level 1 in Stealth
  2441 | D:4      | Reached XP level 6. HP: 33/47 MP: 6/6
  2948 | D:4      | Reached XP level 7. HP: 51/52 MP: 7/7
  3051 | D:5      | Entered Level 5 of the Dungeon
  3161 | D:5      | Reached skill level 7 in Long Blades
  3412 | D:4      | Reached skill level 8 in Long Blades
  3412 | D:4      | Reached XP level 8. HP: 59/60 MP: 8/8
  3501 | D:5      | Found a burning altar of Makhleb.
  3515 | D:5      | Mangled by an ogre

Illustrated notes

Levels and vault maps discovered:
D:1:      roderic_octagonal_star, layout_loops_cross, serial_shops, shop
D:2:      layout_rooms, hellmonk_ecumenical_altar_dog_temple,
          chequers_serial_rivers_micro_a, uniq_jessica
D:3:      layout_loops_ring, mainiacjoe_overflow_alcove_4,
          nzn_hepliaklqana_mist_gate, lemuel_doored_altar
D:4:      layout_basic, lexackson_kobold_supper
D:5:      layout_rooms, old_standard_altar

Skill      XL: |  1  2  3  4  5  6  7 |
---------------+----------------------+-----
Long Blades    | 4 5 6 8 |  8.1
Armour         | 1 2 |  2.6
Dodging        | 5 |  5.7
Fighting       | 3 4 |  4.3
Stealth        | 1 |  1.8
Throwing       | |  2.1

Action                     |  1- 3 |  4- 6 |  7- 9 || total
---------------------------+-------+-------+-------++-------
  Melee: Long sword        |    94 |   134 |    98 ||   326
         Punch             |     1 |     1 |     2 ||     4
  Throw: Dart              |       |     2 |       ||     2
         Javelin           |       |     2 |       ||     2
   Stab: Sleeping          |     1 |     2 |     1 ||     4
 Armour: Leather armour    |    17 |       |       ||    17
         Ring mail         |    15 |    39 |    29 ||    83
  Dodge: Dodged            |    84 |    93 |    72 ||   249
